 Dungeon Crawl Stone Soup version 0.20.0-10-g0535bb4 (webtiles) character file.

61 anfisbena the Ruffian (level 3, -3/36 HPs)
             Began as a Troll Fighter on June 3, 2017.
             Slain by an adder (4 damage)
             ... on level 2 of the Dungeon.
             The game lasted 00:01:18 (895 turns).

anfisbena the Ruffian (Troll Fighter)                Turns: 895, Time: 00:01:19

Health: -3/36      AC:  5    Str: 24    XL:     3   Next: 83%
Magic:  2/2        EV:  4    Int:  4    God:
Gold:   24         SH:  0    Dex: 10    Spells: 2/2 levels left

rFire    . . .     SeeInvis .     - Unarmed
rCold    . . .     Gourm    +   b - +0 shield
rNeg     . . .     Faith    .   a - +0 robe
rPois    .         Spirit   .   (helmet restricted)
rElec    .         Reflect  .   (no cloak)
rCorr    .         Harm     .   (gloves unavailable)
MR       .....                  (boots unavailable)
Stlth    +.........             (no amulet)
Regen    0.6/turn               (no ring)
MPRegen  0.1/turn               (no ring)

@: held
A: unfitting armour, claws 3, fast metabolism 3, gourmand, regeneration 1,
shaggy fur 1, tough skin 2
a: no special abilities


You were on level 2 of the Dungeon.
You were completely stuffed.

You visited 1 branch of the dungeon, and saw 2 of its levels.

You collected 24 gold pieces.

Inventory:

Armour
 a - a +0 robe (worn)
 b - a +0 shield (worn)
Scrolls
 f - 2 scrolls of immolation {unknown}
 h - a scroll of remove curse {unknown}
 k - a scroll of magic mapping {unknown}
 l - a scroll of fear {unknown}
 n - a scroll of teleportation {unknown}
Potions
 c - 2 potions of might
 e - a potion of mutation {unknown}
 g - a potion of lignification {unknown}
 i - 2 potions of experience {unknown}
 m - a potion of curing {unknown}
Comestibles
 d - 2 bread rations
 j - 2 chunks of flesh


   Skills:
 + Level 2.7 Fighting
 - Level 2.4 Dodging
 + Level 2.8 Shields
 * Level 3.4 Unarmed Combat


You had 2 spell levels left.
You didn't know any spells.

Dungeon Overview and Level Annotations

Branches:
Dungeon (2/15)

Altars:
Nemelex Xobeh


Innate Abilities, Weirdness & Mutations

You are too large for most types of armour.
You have claws for hands.
Your metabolism is lightning-fast.
You like to eat raw meat.
Your natural rate of healing is unusually fast.
You are covered in fur. (AC +1)
You have very tough skin. (AC +2)


Message History

The gnoll is severely wounded.
The adder bites you but does no damage. The gnoll hits you with a spear!
You barely miss the gnoll.
The gnoll is severely wounded.
The adder bites you.
* * * LOW HITPOINT WARNING * * *
The gnoll hits you with a spear.
* * * LOW HITPOINT WARNING * * *
The gnoll hits you with a spear!
* * * LOW HITPOINT WARNING * * *
You block the adder's attack. The gnoll hits you but does no damage.
You are too injured to fight recklessly!
The adder bites you.
* * * LOW HITPOINT WARNING * * *
The gnoll barely misses you. You block the gnoll's attack.
The gnoll throws a throwing net.
The throwing net hits you.
You become entangled in the net!
You see here a throwing net.
You struggle against the net.
The adder bites you.
You die...

.# #.# #..# .# ##.#
#..# )# ##..# #..#
####.#.## #..#
###.##..## #..#
##.##....#### #..#
###.#.......# #gg# #
# ##...####.#
#g)##.##.. # ###..#
#.# #.@S!..... #
#....# #.#
##.##<###. # #.##.#
#.# #.# # # #)##.#
#<# #.# # #.##.# #.#
#.# # #.##.# #.# #.#
# #.##.# #.# #.#
###.##.####.####.#
.........<)......##.


You could see 3 gnolls and an adder.

Vanquished Creatures
  An adder (D:2)
  A gnoll (D:2)
  An ooze (D:2)
  A worm (D:2)
  2 leopard geckos (D:1)
  6 hobgoblins
  6 kobolds
  A quokka (D:2)
  6 bats
  3 frilled lizards (D:1)
  9 rats
37 creatures vanquished.

Notes
Turn   | Place    | Note
-------+----------+-------------------------------------------
     0 | D:1      | anfisbena the Troll Fighter began the quest for the Orb.
     0 | D:1      | Reached XP level 1. HP: 22/22 MP: 0/0
   215 | D:1      | Reached XP level 2. HP: 21/29 MP: 1/1
   340 | D:1      | Found a sparkling altar of Nemelex Xobeh.
   655 | D:2      | Reached XP level 3. HP: 35/36 MP: 2/2
   681 | D:2      | Reached skill level 3 in Unarmed Combat
   893 | D:2      | HP: 1/36 [gnoll/spear (11)]
   895 | D:2      | Slain by an adder

Skill      XL: |  1  2  3 |
---------------+----------+-----
Unarmed Combat | 3 |  3.4
Fighting       | |  2.7
Dodging        | |  2.4
Shields        | |  2.8

Action                   || total
-------------------------++-------
Melee: Unarmed           ||   101
  Eat: Chunk             ||    14
Armor: Robe              ||    31
Dodge: Dodged            ||    30
Block: Shield            ||    43
